 Dungeon Crawl Stone Soup version 0.22-a0-567-gff9aefc (webtiles) character file.

179 Hebeh the Shield-Bearer (level 5, -5/47 HPs)
             Began as a Minotaur Fighter on June 29, 2018.
             Slain by Menkaure (17 damage)
             ... on level 4 of the Dungeon.
             The game lasted 00:05:42 (1793 turns).

Hebeh the Shield-Bearer (Minotaur Fighter)          Turns: 1793, Time: 00:05:42

Health: -5/47      AC: 12    Str: 21    XL:     5   Next: 32%
Magic:  4/4        EV:  4    Int:  3    God:
Gold:   199        SH: 10    Dex: 10    Spells: 4/4 levels left

rFire    . . .     SeeInvis .   a - +0 war axe
rCold    . . .     Gourm    .   c - +1 shield
rNeg     . . .     Faith    .   p - +0 plate armour
rPois    .         Spirit   .   (helmet restricted)
rElec    .         Reflect  .   (no cloak)
rCorr    .         Harm     .   (no gloves)
MR       .....                  (no boots)
Stlth    ..........             (no amulet)
HPRegen  0.15/turn              g - ring of stealth (curse)
MPRegen  0.09/turn              l - -2 ring of intelligence (curse)

@: no status effects
A: retaliatory headbutt, horns 2
a: no special abilities


You were on level 4 of the Dungeon.
You were not hungry.

You visited 1 branch of the dungeon, and saw 4 of its levels.

You collected 199 gold pieces.

Inventory:

Hand Weapons
 a - a +0 war axe (weapon)
Armour
 c - a +1 shield (worn)
 p - a +0 plate armour (worn)
Jewellery
 g - a cursed ring of stealth (left hand)
 l - a cursed -2 ring of intelligence (right hand)
Scrolls
 e - a scroll of identify
 h - a scroll of immolation
 i - a scroll of blinking
 o - a scroll of random uselessness {unknown}
Potions
 d - a potion of might
 j - a potion of curing
 m - a potion of brilliance {unknown}
 n - a potion of degeneration {unknown}
Comestibles
 f - 6 rations


   Skills:
 + Level 4.5 Fighting
 * Level 4.6 Axes
 + Level 4.6 Armour
 + Level 4.6 Shields


You had 4 spell levels left.
You didn't know any spells.
Your spell library was empty.

Dungeon Overview and Level Annotations

Branches:
Dungeon (4/15)
 Temple: D:4-7

Altars:
Yredelemnul

Annotations:
D:4 Menkaure


Innate Abilities, Weirdness & Mutations

You reflexively headbutt those who attack you in melee.
You have a pair of horns on your head.


Message History

You closely miss the gnoll.
The gnoll is lightly wounded.
The gnoll hits you but does no damage. The gnoll barely misses you.
You furiously retaliate!
You headbutt the gnoll. You hit the gnoll.
The gnoll is heavily wounded.
The gnoll hits you with an enchanted spear.
* * * LOW HITPOINT WARNING * * *
The gnoll hits you but does no damage.
You hit the gnoll.
You headbutt the gnoll, but do no damage.
The gnoll is almost dead.
You block the gnoll's attack. The gnoll hits you but does no damage.
You closely miss the gnoll.
The gnoll is almost dead.
The gnoll hits you but does no damage. x2
You barely miss the gnoll.
You kill the gnoll!
Menkaure hits you!
You die...

.# # #.# #.
##.### .#
..... . ...#
#. #..#
#%#.##..#
#.......#
#####@#<#
#M#.#
#.#####g#.#
P.....ggg♣♣♣##
..#####.o....#
#..).)♣♣♣.#
#.##?..# ..
.>.♣.♣ ##
##......


You could see Menkaure, a gnoll shaman, 3 gnolls and an orc.

Vanquished Creatures
  5 gnolls (D:4)
  6 adders
  An ooze (D:2)
  2 worms
  2 dart slugs
  An orc (D:3)
  A giant cockroach (D:1)
  9 goblins
  7 hobgoblins
  3 jackals (D:2)
  7 kobolds
  A quokka (D:3)
  A ball python (D:1)
  6 bats
  4 frilled lizards
  9 rats
65 creatures vanquished.

Notes
Turn   | Place    | Note
-------+----------+-------------------------------------------
     0 | D:1      | Hebeh the Minotaur Fighter began the quest for the Orb.
     0 | D:1      | Reached XP level 1. HP: 19/19 MP: 0/0
   106 | D:1      | Reached XP level 2. HP: 25/27 MP: 1/1
   570 | D:1      | Reached XP level 3. HP: 33/33 MP: 2/2
  1023 | D:2      | Reached XP level 4. HP: 35/40 MP: 3/3
  1460 | D:3      | Found a basalt altar of Yredelemnul.
  1773 | D:4      | Noticed Menkaure
  1774 | D:4      | Reached XP level 5. HP: 35/47 MP: 4/4
  1793 | D:4      | Slain by Menkaure

Vault maps used:
D:1:      shiori_arrival_whats_in_store_for_you
D:2:      minmay_tromino_v7
D:3:      lemuel_coloured_pillars_altar, first_ration
D:4:      serial_forest, infiniplex_forest_lined_room_, infiniplex_forest_end_3,
          infiniplex_forest_clump_long, infiniplex_forest_end_3,
          infiniplex_forest_straight_1, infiniplex_forest_side_room,
          infiniplex_forest_end_3, infiniplex_forest_straight_1,
          infiniplex_forest_corner_2, uniq_menkaure, uniq_sigmund

Skill      XL: |  1  2  3  4 |
---------------+-------------+-----
Axes           | 3 4 |  4.6
Shields        | 4 |  4.6
Armour         | 4 |  4.6
Fighting       | 4 |  4.5

Action                   |  1- 3 |  4- 6 || total
-------------------------+-------+-------++-------
Melee: War axe           |    95 |    46 ||   141
       Headbutt          |     5 |    12 ||    17
  Use: Scroll            |       |     6 ||     6
  Eat: Chunk             |     1 |     2 ||     3
Armor: Scale mail        |    44 |     7 ||    51
       Plate armour      |       |    25 ||    25
Dodge: Dodged            |    39 |    20 ||    59
Block: Shield            |    56 |    32 ||    88

Table legend:
 A = Spawn XP
 B = Non-spawn XP
 C = Spawn XP percentage of total XP
 D = Spawn monster count
 E = Non-spawn monster count
 F = Spawn count percentage of total count
 G = Total turns spent on level
                    A         B        C        D         E        F      G
               +---------+---------+-------+---------+---------+-------+---------
         Total |       0 |     256 |   0.0 |       0 |      65 |   0.0 |  1793
               +---------+---------+-------+---------+---------+-------+---------
           D:1 |       0 |      44 |   0.0 |       0 |      27 |   0.0 |   640
           D:2 |       0 |      93 |   0.0 |       0 |      21 |   0.0 |   688
           D:3 |       0 |      32 |   0.0 |       0 |      11 |   0.0 |   437
           D:4 |       0 |      87 |   0.0 |       0 |       6 |   0.0 |    28
               +---------+---------+-------+---------+---------+-------+---------
